 Dungeon Crawl Stone Soup version 0.20.1-1-g8b1a95d (webtiles) character file.

1097 Linguinho the Shield-Bearer (level 8, -5/60 (61) HPs)
             Began as a Demonspawn Fighter on Nov 11, 2017.
             Slain by a two-headed ogre
             ... wielding a +0 giant club
              (18 damage)
             ... on level 5 of the Dungeon.
             The game lasted 00:10:01 (3286 turns).

Linguinho the Shield-Bearer (Demonspawn Fighter)    Turns: 3286, Time: 00:10:01

HP:   -5/60 (61)    AC: 12    Str: 17    XL:     8   Next: 10%
MP:   8/8           EV: 10    Int: 10    God:
Gold: 252           SH: 11    Dex: 14    Spells: 7/7 levels left

rFire    . . .     SeeInvis .   e - +2 short sword (venom)
rCold    + . .     Gourm    .   b - +2 shield "Kym Qeiwoi" {-Cast rPois rN++ Regen+}
rNeg     + + .     Faith    .   s - +0 leather armour
rPois    +         Spirit   .   w - +1 hat
rElec    .         Reflect  .   m - +2 cloak
rCorr    .         Harm     .   (no gloves)
MR       .....     NoCast   +   x - +1 pair of boots
Stlth    +++.......             (no amulet)
Regen    0.6/turn               p - ring of stealth
MPRegen  0.2/turn               (no ring)

@: no status effects
A: claws 1, thin metallic scales 2, cold resistance 1, demonic guardian 1
a: no special abilities


You were on level 5 of the Dungeon.
You were not hungry.

You visited 1 branch of the dungeon, and saw 5 of its levels.

You collected 252 gold pieces.

Inventory:

Hand Weapons
 a - a +0 war axe
 e - a +2 short sword of venom (weapon)
 y - a +2 mace of protection
Armour
 b - the +2 shield "Kym Qeiwoi" (worn) {-Cast rPois rN++ Regen+}
   (You found it on level 4 of the Dungeon)

   It protects you from poison.
   It greatly protects you from negative energy.
   It prevents spellcasting.
   It increases your rate of regeneration.
 m - a +2 cloak (worn)
 s - a +0 leather armour (worn)
 w - a +1 hat (worn)
 x - a +1 pair of boots (worn)
Jewellery
 p - a ring of stealth (left claw)
Scrolls
 c - a scroll of enchant weapon {unknown}
 g - a scroll of fear {unknown}
 h - 2 scrolls of amnesia {unknown}
 i - 2 scrolls of teleportation {unknown}
 j - 3 scrolls of magic mapping {unknown}
 o - 7 scrolls of remove curse {unknown}
 q - a scroll of recharging {unknown}
 t - a scroll of blinking {unknown}
 u - 2 scrolls of immolation {unknown}
 z - a scroll of enchant armour {unknown}
Potions
 d - a potion of might
 k - 2 potions of mutation {unknown}
 l - 2 potions of brilliance {unknown}
 n - 2 potions of degeneration {unknown}
 r - 3 potions of agility {unknown}
 A - a potion of ambrosia {unknown}
Comestibles
 f - a bread ration
 v - 3 royal jellies


   Skills:
 + Level 4.5 Fighting
 + Level 4.7 Short Blades
 + Level 1.9 Axes
 + Level 3.7 Armour
 + Level 2.3 Dodging
 * Level 3.3 Stealth
 + Level 4.7 Shields


You had 7 spell levels left.
You didn't know any spells.

Dungeon Overview and Level Annotations

Branches:
Dungeon (5/15)
 Temple: D:4-7

Altars:
Elyvilon
Fedhas
Qazlal
Trog
Yredelemnul


Innate Abilities, Weirdness & Mutations

You have sharp fingernails.
You are mostly covered in thin metallic scales. (AC +3)
Your flesh is cold resistant. (rC+)
A weak demonic guardian rushes to your aid.


Message History

The necrophage is almost destroyed.
The necrophage completely misses you.
You hit the necrophage.
You destroy the necrophage!
You see here a necrophage corpse.
A two-headed ogre comes into view. It is wielding two giant clubs.
Found a stone staircase leading down.
The two-headed ogre shouts in stereo!
Found 18 gold pieces and a leather armour.
The two-headed ogre hits you with a giant club! x2
Your white imp gestures at the two-headed ogre.
The puff of frost hits the two-headed ogre.
Your white imp gestures at the two-headed ogre.
The puff of frost hits the two-headed ogre.
Your white imp gestures at the two-headed ogre.
The puff of frost hits the two-headed ogre.
The two-headed ogre hits you with a giant club!!
* * * LOW HITPOINT WARNING * * *
The two-headed ogre hits you with a giant club!!
You die...

.....# #....#
.....# #....#
(....# ###†##
)).### [.##.# ...#
#.##.# ...# #.##.#
...#
#######.##.########
...#
#.......##.........
...#
#........#.@#######
...# #........#O.#
.(.# #......5....#
####
#$......#.......#
#.......#..##.###
##########.# .# #..
# #.## #.#


You could see a two-headed ogre.

Vanquished Creatures
  The ghost of manon the Conjurer, a novice GrFE (D:5)
  Grinder (D:3)
  An ice beast (D:4)
  A necrophage (D:5)
  An ogre (D:4)
  A scorpion (D:5)
  2 orc wizards
  2 bullfrog skeletons
  2 worker ants
  A hound skeleton (D:4)
  6 adders
  An ooze (D:4)
  An adder skeleton (D:5)
  2 worms (D:2)
  4 dart slugs
  3 leopard geckos
  8 orcs
  4 giant cockroaches
  2 goblins
  6 hobgoblins
  4 jackals (D:3)
  3 ball pythons
  7 bats
  5 frilled lizards
  7 kobolds
  2 quokka skeletons
  7 rats
85 creatures vanquished.

Vanquished Creatures (collateral kills)
  An ice beast (D:5)
  A crimson imp (D:5)
  An orc priest (D:3)
  A killer bee zombie (D:5)
  A leopard gecko (D:5)
  4 orcs
  3 jackals (D:3)
  A jackal zombie (D:5)
13 creatures vanquished.

Grand Total: 98 creatures vanquished

Notes
Turn   | Place    | Note
-------+----------+-------------------------------------------
     0 | D:1      | Linguinho the Demonspawn Fighter began the quest for the Orb.
     0 | D:1      | Reached XP level 1. HP: 18/18 MP: 1/1
   200 | D:1      | Gained mutation: You have sharp fingernails. [demonic ancestry]
   200 | D:1      | Reached XP level 2. HP: 24/24 MP: 2/2
   568 | D:2      | Gained mutation: You are partially covered in thin metallic scales. (AC +2) [demonic ancestry]
   568 | D:2      | Reached XP level 3. HP: 29/29 MP: 3/3
   650 | D:2      | Reached skill level 1 in Short Blades
   798 | D:2      | Gained mutation: A weak demonic guardian rushes to your aid. [demonic ancestry]
   798 | D:2      | Reached XP level 4. HP: 30/35 MP: 4/4
   851 | D:2      | Found a basalt altar of Yredelemnul.
  1436 | D:3      | Noticed Grinder
  1453 | D:3      | Paralysed by Grinder for 2 turns
  1459 | D:3      | Paralysed by Grinder for 5 turns
  1466 | D:3      | Paralysed by Grinder for 2 turns
  1468 | D:3      | Killed Grinder
  1468 | D:3      | Reached skill level 1 in Dodging
  1468 | D:3      | Reached XP level 5. HP: 4/41 MP: 5/5
  1468 | D:3      | Gained mutation: Your flesh is cold resistant. (rC+) [demonic ancestry]
  1468 | D:3      | Reached XP level 6. HP: 5/47 MP: 6/6
  2064 | D:3      | Found a bloodstained altar of Trog.
  2064 | D:3      | Found a white marble altar of Elyvilon.
  2167 | D:4      | Found a blossoming altar of Fedhas.
  2215 | D:4      | Reached skill level 1 in Stealth
  2327 | D:4      | Got a faintly humming shield
  2338 | D:4      | Identified the +2 shield "Kym Qeiwoi" {-Cast rPois rN++ Regen+} (You found it on level 4 of the Dungeon)
  2399 | D:4      | Gained mutation: You are mostly covered in thin metallic scales. (AC +3) [demonic ancestry]
  2399 | D:4      | Reached XP level 7. HP: 53/53 MP: 7/7
  2594 | D:4      | Found a stormy altar of Qazlal.
  3011 | D:5      | Entered Level 5 of the Dungeon
  3111 | D:5      | Noticed manon's ghost (novice GrFE)
  3134 | D:5      | Killed manon's ghost
  3134 | D:5      | Reached XP level 8. HP: 61/61 MP: 8/8
  3279 | D:5      | Noticed a two-headed ogre
  3286 | D:5      | Slain by a two-headed ogre

Skill      XL: |  1  2  3  4  5  6  7 |
---------------+----------------------+-----
Shields        | 3 4 |  4.7
Short Blades   | 1 3 4 |  4.7
Armour         | 3 |  3.7
Dodging        | 1 2 |  2.3
Stealth        | 1 3 |  3.3
Fighting       | 4 |  4.5
Axes           | |  1.9

Action                   |  1- 3 |  4- 6 |  7- 9 || total
-------------------------+-------+-------+-------++-------
Melee: Short sword       |    84 |   129 |   115 ||   328
       War axe           |     1 |       |       ||     1
 Stab: Sleeping          |       |     1 |     4 ||     5
       Distracted        |       |       |     1 ||     1
  Eat: Chunk             |       |     4 |     1 ||     5
       Bread ration      |       |       |     1 ||     1
Armor: Scale mail        |    37 |    53 |       ||    90
       Leather armour    |       |     3 |    23 ||    26
Dodge: Dodged            |    20 |    35 |    37 ||    92
Block: Shield            |    37 |    59 |    59 ||   155
